AoeStats
← [PVS] ANIMAMUNDIS

Lombardia

509995944Analyzed
4v4 RM · 3d ago on Sep 29, 2026· 54m 26s· 8 players
Game mode
Random Map
Map size
Large (8 player)
Population
200
Speed
Normal
Resources
Standard
Victory
Conquest
Starting age
Dark Age
Ending age
Imperial Age
RankedLock teamsTeams togetherTeam positionsShared explorationLock speedFull tech treeHidden civsTurbo modeCheats
Victory
Defeat
🇺🇸 Shu · United States
1030
+14
🇬🇧 Danes · United Kingdom
1007
+15
🇦🇷 Magyars · Argentina
990
+15
🇧🇾 Sicilians · Belarus
984
+16
🇵🇦 Khmer · Panama
1132
-21
🇨🇱 Spanish · Chile
1123
-20
🇨🇱 Hindustanis · Chile
910
-12
🇨🇴 Persians · Colombia
758
-7
osubuckeyes022
2:50 Loom
11:47 Feudal Age
12:24 Double-Bit Axe
20:37 Castle Age
19:04 Fletching
19:54 Padded Archer Armor
21:16 Crossbowman
25:30 Leather Archer Armor
27:08 Thumb Ring
27:03 Bodkin Arrow
27:06 Horse Collar
27:24 Elite Skirmisher
29:20 Wheelbarrow
34:32 Imperial Age
33:13 Gold Mining
34:17 Ballistics
34:37 Arbalester
35:55 Bracer
36:23 Bolt Magazine
37:25 Ring Archer Armor
38:15 Chemistry
38:06 Gold Shaft Mining
37:49 Bow Saw
37:41 Heavy Plow
40:29 Hand Cart
47:31 Conscription
Unfi
0:33 Loom
11:38 Feudal Age
12:10 Horse Collar
12:31 Double-Bit Axe
12:46 Town Watch
19:32 Castle Age
19:51 Fletching
24:54 Forging
24:40 Bodkin Arrow
24:55 Heavy Plow
25:52 Murder Holes
27:27 Gold Mining
32:45 Wheelbarrow
33:28 Sanctity
33:10 Pikeman
37:14 Imperial Age
35:27 Crossbowman
36:48 Hand Cart
37:25 Arbalester
37:27 Elite Skirmisher
40:05 Halberdier
41:31 Caravan
43:17 Squires
44:02 Iron Casting
43:27 Scale Mail Armor
44:52 Ballistics
45:33 Chemistry
44:52 Bow Saw
48:18 Blast Furnace
47:33 Chain Mail Armor
47:52 Arson
49:43 Stone Mining
50:41 Illumination
51:43 Elite Serjeant
Her
9:50 Loom
12:46 Feudal Age
13:16 Double-Bit Axe
13:14 Horse Collar
17:20 Wheelbarrow
20:12 Castle Age
18:00 Man-at-Arms
18:35 Gold Mining
20:58 Long Swordsman
21:26 Gambesons
23:20 Scale Mail Armor
23:38 Squires
23:41 Arson
24:46 Hand Cart
26:17 Bow Saw
26:50 Town Watch
30:37 Fervor
32:23 Chain Mail Armor
32:19 Forging
33:38 Gold Shaft Mining
36:43 Imperial Age
34:18 Town Patrol
36:11 Hamask
36:50 Elite Jomsviking
37:58 Conscription
38:47 Plate Mail Armor
38:54 Iron Casting
40:12 Pikeman
40:43 Halberdier
49:06 Masonry
48:52 Murder Holes
50:48 Heavy Plow
crepysa
3:23 Loom
10:31 Feudal Age
11:09 Double-Bit Axe
11:09 Horse Collar
13:27 Bloodlines
13:15 Town Watch
21:36 Castle Age
21:14 Scale Barding Armor
21:18 Gold Mining
21:20 Stone Mining
22:12 Wheelbarrow
22:54 Bow Saw
27:36 Husbandry
30:06 Fletching
34:19 Imperial Age
33:49 Gold Shaft Mining
33:19 Light Cavalry
34:08 Bodkin Arrow
35:02 Chain Barding Armor
35:48 Conscription
35:24 Cavalier
36:28 Corvinian Army
43:25 Elite Magyar Huszar
45:45 Plate Barding Armor
50:13 Hand Cart
njarango06
11:49 Feudal Age
13:03 Horse Collar
24:15 Double-Bit Axe
34:39 Scale Mail Armor
34:44 Padded Archer Armor
34:35 Fletching
36:50 Castle Age
41:23 Husbandry
41:34 Bloodlines
[PVS] Manu_X
5:56 Loom
12:33 Feudal Age
16:09 Castle Age
14:56 Double-Bit Axe
21:32 Horse Collar
24:50 Wheelbarrow
24:33 Town Watch
26:15 Bow Saw
26:31 Gold Mining
27:09 Husbandry
27:42 Bloodlines
28:52 Scale Barding Armor
29:24 Forging
30:04 Chain Barding Armor
31:21 Gold Shaft Mining
31:46 Iron Casting
32:21 Stone Mining
33:53 Heavy Plow
34:11 Hand Cart
36:29 Imperial Age
34:23 Fletching
35:03 Light Cavalry
36:38 Padded Archer Armor
37:55 Plate Barding Armor
37:41 Heavy Camel Rider
39:34 Blast Furnace
39:39 Imperial Camel Rider
43:00 Hussar
[PVS] ANIMAMUNDIS
8:02 Loom
11:32 Feudal Age
12:36 Double-Bit Axe
16:42 Castle Age
15:59 Stone Mining
21:40 Horse Collar
32:23 Husbandry
32:17 Gold Mining
41:57 Imperial Age
53:16 Chemistry
PVS-Ozuna
5:01 Loom
10:51 Feudal Age
16:18 Castle Age
14:09 Town Watch
17:23 Stone Mining
18:19 Horse Collar
21:41 Double-Bit Axe
28:13 Fletching
28:49 Scale Barding Armor
28:54 Forging
29:54 Wheelbarrow
33:32 Imperial Age
31:31 Gold Mining
33:11 Heavy Plow
33:30 Bow Saw
35:47 Conscription
35:42 Bodkin Arrow
36:07 Siege Engineers
37:36 Elite Ballista Elephant
38:42 Light Cavalry
39:25 Husbandry
40:41 Crop Rotation
40:38 Chain Barding Armor
40:44 Bloodlines
41:18 Double Crossbow
44:04 Gold Shaft Mining
44:23 Plate Barding Armor
45:12 Chemistry
45:15 Ballistics
44:58 Bracer
46:08 Iron Casting
46:44 Hussar
48:49 Blast Furnace
48:17 Masonry
Connection lost

Rejoining the realm…

Still unreachable

The connection could not be restored.

Session expired

The server has moved on; the page needs a fresh start.